 Dungeon Sprint DCSS version 0.28.0-45-g0d030f2227 (webtiles) character file.

Game seed: 18005940650854335327

1400000 protoss039 the Slayer (level 15, -17/123 HPs)
             Began as a Gargoyle Fighter on Apr 16, 2022.
             Demolished by a meat berserker
             ... wielding a +9 battleaxe
              (65 damage)
             ... in the Dungeon (Sprint VIII: "Arena of Blood").
             The game lasted 00:00:36 (14 turns).

protoss039 the Slayer (Gargoyle Fighter)              Turns: 14, Time: 00:00:37

Health: -17/123    AC: 23    Str: 26    XL:     15   Next: 2%
Magic:  15/15      EV: 10    Int: 10    God:
Gold:   0          SH:  0    Dex:  9    Spells: 14/14 levels left

rFire   . . .      SeeInvis .   j - +∞ Axe of Woe
rCold   . . .      Faith    .   (shield currently unavailable)
rNeg    + . .      Spirit   .   a - +0 scale mail
rPois   ∞          Reflect  .   (no helmet)
rElec   +          Harm     .   (no cloak)
rCorr   .          Rampage  .   (no gloves)
Will    +....      NoTele   +   (no boots)
Stlth   ..........              (no amulet)
HPRegen 0.30/turn               (no ring)
MPRegen 0.14/turn               (no ring)

@: flying
A: sickness immunity, AC +11, big wings, negative energy resistance 1,
electricity resistance, torment resistance 1, petrification resistance
a: no special abilities


You were in the Dungeon.
You visited 1 branch

Inventory:

Hand Weapons
 j - the +∞ Axe of Woe (weapon)
   (You found it in the Dungeon)
Armour
 a - a +0 scale mail (worn)
 b - a +0 buckler
Scrolls
 i - a scroll of blinking
Potions
 c - a potion of might
 d - a potion of curing
 e - a potion of heal wounds
 f - a potion of haste
 g - 2 potions of magic
 h - a potion of berserk rage


   Skills:
 + Level 25.1 Fighting
 + Level 10.9 Axes
 + Level 24.1 Armour
 + Level 23.9 Shields
 + Level 11.4 Unarmed Combat


You had 14 spell levels left.
You didn't know any spells.
Your spell library was empty.

Dungeon Overview and Level Annotations

Branches:
Dungeon (1/1)

Altars:
Makhleb


Innate Abilities, Weirdness & Mutations

You are immune to sickness and miasma.
Your stone body is resilient. (AC +11)
You are immune to poison.
Your large and strong wings let you fly.
You resist negative energy. (rN+)
You are resistant to electric shocks. (rElec)
You are resistant to unholy torment.
You are immune to petrification.


Message History

The meat berserker hits you with a +9 battleaxe!!!
Ouch! That really hurt!
You hear a shout!
Your Fighting skill gained 3 levels and is now at level 25!
Your Axes skill gained 2 levels and is now at level 10!
Your Armour skill gained 2 levels and is now at level 24!
Your Shields skill increases to level 23!
Your Unarmed Combat skill increases to level 11!
You have reached level 15!
Your experience leads to an increase in your attributes!
Increase (S)trength, (I)ntelligence, or (D)exterity?
You feel stronger. x2
Unknown command.
Unknown command.
Unknown command.
Unknown command.
Unknown command.
A meat berserker comes into view. It is wielding a +9 battleaxe.
The meat berserker shouts!
You hear a shout!
The meat berserker rages.
You hear a shout! x2
A bag of meat comes into view. It is wielding a +9 war axe.
You hear a shout! x3; The bag of meat shouts!
You hear two shouts!
Unknown command.
Unknown command.
Unknown command.
Unknown command.
Unknown command.
You hit the meat berserker but do no damage.
You fatally mangle the meat berserker.
You kill the meat berserker!
The meat berserker appears out of thin air!
A meat berserker comes into view. It is wielding a +9 battleaxe.
The meat berserker shouts!
You hear a shout! x3
A bag of meat comes into view. It is wielding a +9 war axe.
A meat berserker comes into view. It is wielding a +9 battleaxe.
You hear a shout!
The meat berserker hits you with a +9 battleaxe!!!
Ouch! That really hurt!
You die...

..o..........O.
.o.............
.............O.
.....O.......
......o.....
#.....o.#
#....oo.#
.###...o@..###...
......###O.......
....o.oO)o.......
...#.)...#......
#_)<._#......
#.....# .....
....._.........
......###........
.###.. ...###...


You could see 4 meat berserkers and 8 bags of meat.

Vanquished Creatures
  4 ogres (D)
  3 orcs (D)
7 creatures vanquished.

Notes
Turn   | Place    | Note
-------+----------+-------------------------------------------
     0 | D        | Found the +∞ Axe of Woe
     0 | D        | protoss039 the Gargoyle Fighter began the quest for the
                  | Orb.
     0 | D        | Reached XP level 1. HP: 14/14 MP: 1/1
     1 | D        | Noticed a bag of meat
     1 | D        | Noticed a bag of meat
     3 | D        | Noticed a bag of meat
     3 | D        | Noticed a bag of meat
     4 | D        | Noticed a meat berserker
     5 | D        | Noticed a bag of meat
     7 | D        | Noticed a meat berserker
     7 | D        | Noticed a bag of meat
     7 | D        | Noticed a bag of meat
     7 | D        | Noticed a meat berserker
     8 | D        | Killed a bag of meat
     9 | D        | Reached skill level 16 in Fighting
     9 | D        | Reached skill level 15 in Armour
     9 | D        | Reached skill level 15 in Shields
     9 | D        | Reached XP level 2. HP: 36/36 MP: 2/2
     9 | D        | Reached XP level 3. HP: 41/41 MP: 3/3
     9 | D        | Reached XP level 4. HP: 47/47 MP: 4/4
     9 | D        | Reached XP level 5. HP: 52/52 MP: 5/5
     9 | D        | Reached XP level 6. HP: 58/58 MP: 6/6
     9 | D        | Reached XP level 7. HP: 63/63 MP: 7/7
     9 | D        | Reached XP level 8. HP: 68/68 MP: 8/8
     9 | D        | Reached XP level 9. HP: 73/73 MP: 9/9
     9 | D        | Reached XP level 10. HP: 79/79 MP: 10/10
     9 | D        | Reached XP level 11. HP: 84/84 MP: 11/11
     9 | D        | Noticed a meat berserker
     9 | D        | Noticed a meat berserker
     9 | D        | Killed a meat berserker
     9 | D        | Killed a bag of meat
     9 | D        | Killed a meat berserker
    10 | D        | Reached skill level 22 in Fighting
    10 | D        | Reached skill level 10 in Unarmed Combat
    10 | D        | Reached XP level 12. HP: 101/101 MP: 12/12
    10 | D        | Reached XP level 13. HP: 107/107 MP: 13/13
    10 | D        | Gained mutation: Your large and strong wings let you fly.
                  | [Gargoyle growth]
    10 | D        | Reached XP level 14. HP: 112/112 MP: 14/14
    10 | D        | Noticed a bag of meat
    11 | D        | Noticed a bag of meat
    11 | D        | Noticed a bag of meat
    11 | D        | Noticed a bag of meat
    12 | D        | Killed a meat berserker
    12 | D        | Killed a bag of meat
    13 | D        | Reached skill level 25 in Fighting
    13 | D        | Reached skill level 10 in Axes
    13 | D        | Reached XP level 15. HP: 47/123 MP: 15/15
    13 | D        | Noticed a meat berserker
    14 | D        | Killed a meat berserker
    14 | D        | Noticed a meat berserker
    14 | D        | Noticed a meat berserker
    14 | D        | Demolished by a meat berserker

Illustrated notes

Levels and vault maps discovered:
D:        meatsprint

Skill      XL: |  1  2  3  4  5  6  7  8  9 10 11 12 13 14 |
---------------+-------------------------------------------+-----
Fighting       | 16 22 25 | 25.1
Axes           | 3 8 10 | 10.9
Armour         | 15 22 24 | 24.1
Shields        | 15 22 23 | 23.9
Unarmed Combat | 7 10 11 | 11.4

Action                   |  1- 3 |  4- 6 |  7- 9 | 10-12 | 13-15 || total
-------------------------+-------+-------+-------+-------+-------++-------
Melee: Executioner's axe |     1 |       |       |     1 |     2 ||     4
Dodge: Dodged            |     1 |       |       |       |       ||     1
